 Dungeon Crawl Stone Soup version 0.31-a0-859-g9dce7d3444 (webtiles) character file.

Game seed: 18400337093933309801

6 Gladio the Ruffian (level 1, 0/16 HPs)
             Began as a Draconian Shapeshifter on Oct 10, 2023.
             Slain by a jackal (3 damage)
             ... on level 1 of the Dungeon.
             The game lasted 00:00:28 (67 turns).

Gladio the Ruffian (Draconian Shapeshifter)           Turns: 67, Time: 00:00:29

Health: 0/16       AC:  4    Str: 16    XL:     1   Next: 75%
Magic:  1/1        EV: 12    Int: 10    God:
Gold:   11         SH:  0    Dex: 10    Spells: 0/0 levels left

rFire   . .          .
                       - Unarmed
rCold   . . .        (no shield)
rNeg    . . .        (body armour unavailable)
rPois   .            (helmet currently unavailable)
rElec   .            (cloak currently unavailable)
rCorr   .            (gloves currently unavailable)
SInv    .            (boots currently unavailable)
Will    .....        (no amulet)
Stlth   +            (no ring)
HPRegen 0.22/turn    (no ring)
MPRegen 0.07/turn

%: no passive effects
@: beast-form
A: beast (slay +1), AC +4, unfitting armour, cold-blooded
a: Begin Untransformation


You were on level 1 of the Dungeon.
You were a hulking beast.
You visited 1 branch of the dungeon, and saw 1 of its levels.

You collected 11 gold pieces.

Inventory:

Talismans
 b - a beast talisman (active)
 c - a flux talisman
Scrolls
 e - a scroll of fog {unknown}
Potions
 a - a potion of lignification
 d - a potion of resistance {unknown}


   Skills:
 * Level 1.4 Fighting
 + Level 1.8 Dodging
 * Level 3.1 Unarmed Combat
 * Level 3.1 Shapeshifting


You couldn't memorise any spells.
You didn't know any spells.
Your spell library was empty.

Dungeon Overview and Level Annotations

Branches:
Dungeon (1/15)

Altars:


Innate Abilities, Weirdness & Mutations

You are a hulking beast.
Your limbs bulge with bestial killing power. (Slay +1)
Your plain brown scales are hard. (AC +4)
You cannot fit into any form of body armour.
You are cold-blooded and may be slowed by cold attacks.


Message History

The ball python closely misses you. The ball python constricts you.
You barely miss the ball python.
The ball python is moderately wounded.
The ball python bites you.
* * * LOW HITPOINT WARNING * * *
The ball python constricts you.
* * * LOW HITPOINT WARNING * * *
You hit the ball python.
You kill the ball python!
The quokka twitches its whiskers.
The jackal closely misses you.
You punch the jackal!
You kill the jackal!
The quokka twitches its whiskers.
You hit the quokka.
The quokka is lightly wounded.
The quokka barely misses you.
You hit the quokka.
The quokka is moderately wounded.
The quokka misses you.
You hit the quokka. You tail-slap the quokka.
You kill the quokka!
The jackal misses you.
You hit the jackal.
The jackal is lightly wounded.
The jackal bites you but does no damage.
You hit the jackal.
Your tail-slap misses the jackal.
The jackal is severely wounded.
The jackal bites you.
* * * LOW HITPOINT WARNING * * *
You barely miss the jackal.
You tail-slap the jackal, but do no damage.
The jackal is severely wounded.
The jackal bites you.
* * * LOW HITPOINT WARNING * * *
The jackal barely misses you.
You barely miss the jackal.
The jackal is severely wounded.
The jackal bites you.
You die...

.... #.#..# #..#⌠#.
#..####.#.## ##.###.
#.........#####.....
#.#..#....(........#
#....#..##########.#
#g..g.# .# #r#...# #
#h#h†.# #h#...$.
#.####### ..# ####


You could see a jackal, a hobgoblin and a rat.

Vanquished Creatures
  2 ball pythons (D:1)
  A bat (D:1)
  A jackal (D:1)
  A quokka (D:1)
5 creatures vanquished.

Notes
Turn   | Place    | Note
-------+----------+-------------------------------------------
     0 | D:1      | Gladio the Draconian Shapeshifter began the quest for the
                  | Orb.
     0 | D:1      | Reached XP level 1. HP: 16/16 MP: 1/1
    67 | D:1      | Slain by a jackal

Illustrated notes

Levels and vault maps discovered:
D:1:      psy_arrival_radial02, layout_basic, st_stairs_7, feat_on_display

Action                     || total
---------------------------++-------
  Melee: Unarmed           ||    19
         Tailslap          ||     3
 Armour: Skin              ||    17
  Dodge: Dodged            ||    24

Table legend: (Time is in decaauts)
 A = Elapsed time spent in this place.
 B = Non-inter-level travel time spent in this place.
 C = Inter-level travel time spent in this place.
 D = Time resting spent in this place.
 E = Time spent auto-exploring this place.
 F = Levels seen in this place.
 G = Mean time per level.
                   A        B        C        D        E       F      G
               +--------+--------+--------+--------+--------+-----+--------+
         Total |     67 |     67 |      0 |      0 |     30 |   1 |   67.0 |
       Dungeon |     67 |     67 |      0 |      0 |     30 |   1 |   67.0 |
               +--------+--------+--------+--------+--------+-----+--------+

Top non-repeatable levels by time:
     D:1: 67 daAuts
